Map: Lost and Found LE

Players

Snute

  • Race: Zerg Zerg
  • Spawn Location: 1:00

Harstem - Winner!

  • Race: Protoss Protoss
  • Spawn Location: 7:00

Event: WCS Montreal 2018

VOD

Have the link to the VOD?

Description

Time

  • Played on: Sept. 7, 2018, 5:07 p.m.
  • Length: 10:24

All games in this series

Show
View Real Time Build Order
Export as new Build Order

Snute Zerg 

Build Orders: Hatch First 

Get SALT Encoding   

  12  0:00  Drone  
  13  0:12  Overlord  
  13  0:16  Drone  
  14  0:30  Drone x2  
  14  0:34  Drone  
  17  0:50  Hatchery  
  17  0:54  Drone  
  17  0:57  Drone  
  17  1:01  Extractor  
  17  1:12  Spawning Pool  
  17  1:14  Drone  
  17  1:18  Drone  
  18  1:28  Drone  
  19  1:38  Overlord  
  19  1:49  Drone  
  20  1:58  Queen  
  22  2:01  Metabolic Boost  
  22  2:02  Queen  
  22  2:03  Zergling x2  
  22  2:05  Zergling x2  
  26  2:10  Drone  
  26  2:13  Drone  
  28  2:30  Zergling x2, Hatchery  
  28  2:32  Zergling x2  
  29  2:37  Zergling x2  
  29  2:43  Overlord  
  30  2:49  Zergling x4  
  32  3:00  Zergling x4  
  35  3:05  Zergling x2  
  35  3:07  Zergling x8  
  35  3:10  Zergling x6  
  42  3:19  Overlord  
  42  3:20  Drone  
  42  3:28  Drone  
  42  3:32  Drone  
  42  3:37  Drone x2  
  42  3:38  Drone  
  42  3:40  Drone x2  
  46  3:43  Drone x3  
  48  3:50  Lair  
  48  3:53  Drone  
  48  3:55  Drone  
  48  4:02  Drone x3  
  49  4:04  Drone  
  49  4:08  Drone  
  50  4:11  Drone x2  
  50  4:12  Drone  
  50  4:14  Drone x2  
  50  4:16  Drone  
  51  4:25  Overlord  
  51  4:26  Extractor  
  51  4:27  Extractor  
  49  4:32  Drone, Overlord  
  50  4:39  Spore Crawler  
  50  4:41  Spore Crawler  
  50  4:42  Spore Crawler  
  50  4:43  Drone x4  
  50  4:44  Drone  
  52  4:46  Drone  
  52  4:50  Drone x2  
  52  4:51  Hydralisk Den  
  54  4:55  Drone x2  
  54  4:56  Drone  
  54  4:58  Queen  
  54  4:59  Zergling x4  
  61  5:01  Zergling x2  
  61  5:02  Zergling x2  
  61  5:05  Overlord  
  63  5:08  Drone  
  63  5:09  Drone  
  63  5:11  Extractor  
  61  5:18  Drone x5  
  65  5:21  Drone  
  65  5:22  Grooved Spines  
  66  5:29  Drone x4  
  66  5:30  Drone  
  66  5:33  Overlord  
  70  5:36  Overlord  
  70  5:39  Overlord  
  70  5:44  Overlord  
  70  5:49  Overlord  
  70  5:51  Drone x2  
  70  5:52  Drone x2  
  74  6:05  Hydralisk, Hatchery  
  74  6:06  Hydralisk x3  
  74  6:09  Hydralisk x2  
  85  6:13  Hydralisk x2  
  89  6:18  Hydralisk x2  
  92  6:28  Hydralisk x4  
  97  6:36  Hydralisk x3  
  101  6:40  Hydralisk  
  101  6:43  Hydralisk  
  105  6:50  Muscular Augments  
  105  6:52  Zergling x2  
  105  6:53  Zergling x8  
  110  7:00  Hydralisk  
  112  7:09  Zergling x2  
  112  7:13  Overlord x2  
  113  7:19  Zergling x12  
  113  7:33  Zergling x20  
  115  7:38  Hydralisk x3  
  119  7:46  Hydralisk x3  
  119  7:47  Hydralisk x3  
  130  7:57  Zergling x12  
  119  7:59  Hydralisk  
  119  8:04  Hydralisk  
  109  8:08  Zergling x2  
  109  8:09  Zergling x8  
  111  8:15  Hydralisk x2  
  111  8:18  Queen  
  117  8:24  Baneling Nest  
  116  8:27  Zergling x2  
  116  8:28  Zergling x6  
  116  8:29  Hydralisk  
  116  8:33  Hydralisk x2  
  126  8:39  Hatchery  
  126  8:40  Hydralisk  
  126  8:41  Hydralisk  
  127  8:47  Hydralisk  
  130  8:52  Hydralisk  
  132  8:55  Zergling x2  
  132  8:56  Zergling x6  
  132  8:57  Overlord x3  
  135  9:16  Zergling x4  
  135  9:17  Zergling x20  
  147  9:18  Baneling x12  
  147  9:20  Baneling  
  147  9:24  Zergling x2  
  147  9:25  Zergling x10  
  147  9:30  Baneling x3  
  147  9:31  Baneling  
  152  9:37  Baneling x3  
  152  9:38  Zergling x16  
  153  9:43  Overlord x2  
  151  9:55  Zergling x2  
  151  9:56  Zergling x22  
Show
View Real Time Build Order
Export as new Build Order

Harstem Protoss - Winner!

Build Orders: 1 Gate Expand, Oracle Opening, Phoenix Opening, Archon Immortal, Zealot Archon 

Get SALT Encoding   

  12  0:01  Probe  
  13  0:13  Probe  
  14  0:19  Pylon  
  14  0:25  Probe  
  15  0:33  Probe  
  15  0:38  Gateway  
  15  0:41  Probe  
  16  0:47  Assimilator  
  17  0:51  Probe  
  18  1:03  Probe  
  19  1:15  Probe  
  20  1:24  Nexus  
  20  1:35  Cybernetics Core  
  20  1:37  Probe  
  21  1:46  Assimilator  
  21  1:49  Probe  
  21  1:54  Pylon  
  22  2:01  Probe  
  22  2:03  Adept  
  23  2:13  Probe  
  26  2:16  Stargate  
  26  2:22  Adept  
  26  2:24  Warp Gate  
  26  2:25  Probe  
  29  2:37  Probe  
  29  2:38  Probe  
  31  2:47  Adept  
  31  2:49  Probe  
  31  2:50  Probe  
  35  2:52  Phoenix  
  35  3:02  Probe  
  35  3:03  Probe  
  39  3:12  Gateway  
  39  3:14  Probe, Oracle  
  43  3:27  Pylon  
  43  3:28  Pylon  
  43  3:32  Probe  
  43  3:33  Probe  
  43  3:36  Adept  
  43  3:40  Shield Battery  
  45  3:47  Pylon  
  45  3:48  Gateway  
  45  3:53  Gateway  
  45  3:56  Pylon  
  45  4:02  Probe  
  47  4:04  Oracle  
  47  4:05  Probe  
  50  4:10  Pylon  
  50  4:20  Probe  
  50  4:22  Probe  
  52  4:25  Gateway  
  52  4:31  Assimilator  
  52  4:33  Probe  
  52  4:34  Probe  
  52  4:35  Assimilator  
  52  4:36  Cybernetics Core  
  54  4:45  Probe  
  55  4:46  Probe  
  56  4:55  Pylon  
  56  4:57  Probe  
  56  4:58  Probe, Forge  
  56  4:59  Pylon  
  58  5:00  Zealot  
  58  5:02  Zealot  
  62  5:09  Probe  
  62  5:10  Probe  
  64  5:21  Probe  
  65  5:23  Probe, Twilight Council  
  65  5:26  Nexus  
  66  5:32  Protoss Ground Weapons Level 1  
  66  5:33  Probe  
  66  5:35  Pylon, Probe  
  68  5:45  Probe  
  68  5:47  Probe  
  70  5:57  Probe  
  70  5:58  Robotics Facility  
  70  5:59  Probe  
  70  6:01  Gateway  
  70  6:02  Gateway x2, Charge  
  72  6:07  Sentry, Zealot  
  72  6:09  Probe  
  72  6:10  Zealot  
  79  6:12  Probe  
  79  6:21  Probe  
  79  6:24  Probe  
  81  6:32  Probe  
  81  6:34  Probe  
  81  6:39  Immortal, Gateway  
  79  6:41  Gateway  
  79  6:42  Probe x2  
  79  6:43  Templar Archives  
  79  6:46  Pylon  
  79  6:47  Probe  
  82  6:50  Sentry  
  82  6:51  Probe  
  88  6:54  Zealot  
  88  7:00  Assimilator  
  91  7:03  Assimilator  
  91  7:09  Probe  
  91  7:10  Immortal  
  91  7:11  Zealot x3  
  98  7:16  Zealot x2  
  98  7:19  Pylon  
  98  7:21  High Templar  
  108  7:23  Probe  
  108  7:25  Shield Battery  
  104  7:33  Zealot x2  
  104  7:34  Zealot  
  101  7:39  High Templar  
  101  7:40  Immortal  
  101  7:41  Zealot  
  105  7:44  Archon, Probe  
  105  7:45  Zealot x2  
  114  7:55  Zealot x4  
  114  7:57  Probe  
  105  8:02  Zealot  
  103  8:09  Oracle  
  103  8:10  High Templar x2, Assimilator  
  101  8:16  Warp Prism, Zealot x5  
  101  8:17  Archon  
  112  8:22  Pylon  
  114  8:32  High Templar  
  116  8:36  Psionic Storm  
  116  8:37  Gateway  
  116  8:38  High Templar x3  
  122  8:42  Gateway, Archon x2  
  122  8:50  Shield Battery, Phoenix  
  122  8:53  Zealot x3  
  126  8:57  High Templar  
  126  8:59  Pylon  
  126  9:01  Photon Cannon  
  128  9:05  High Templar  
  128  9:08  Pylon  
  130  9:11  High Templar  
  132  9:22  Immortal  
  130  9:25  High Templar  
  130  9:26  High Templar, Zealot x2  
  130  9:27  Nexus, Zealot  
  130  9:30  Archon  
  144  9:43  Zealot x2  
  148  9:47  Pylon  
  148  9:48  Pylon x2  
  132  10:04  Probe  
  133  10:08  Archon  
  133  10:09  Zealot x5  
  133  10:10  Zealot  
Tags
 
Add a new tag
Caveats
  • Supply blocks, unpowered buildings, or Contaminate may cause inaccurate times.
  • Supply counts are checked every 10 seconds.